 Dungeon Crawl Stone Soup version 0.22-a0-348-gd16d139 (webtiles) character file.

637 sankara the Insei (level 7, -4/43 HPs)
             Began as an Octopode Transmuter on Apr 10, 2018.
             Slain by a rust devil (6 damage)
             ... on level 5 of the Dungeon.
             The game lasted 00:13:57 (4805 turns).

sankara the Insei (Octopode Transmuter)             Turns: 4805, Time: 00:13:58

Health: -4/43      AC: -10   Str: 11    XL:     7   Next: 50%
Magic:  0/10       EV: 19    Int: 16    God:
Gold:   187        SH:  0    Dex: 17    Spells: 4/10 levels left

rFire    . . .     SeeInvis +     - Unarmed
rCold    . . .     Gourm    .   (shield currently unavailable)
rNeg     . . .     Faith    .   (helmet currently unavailable)
rPois    x         Spirit   +   o - amulet of guardian spirit {Spirit}
rElec    .         Reflect  .   l - ring of stealth {Stlth+}
rCorr    .         Harm     .   r - ring of see invisible {sInv, !d}
MR       .....                  (no ring)
Stlth    ++++......             (no ring)
HPRegen  0.14/turn              (no ring)
MPRegen  0.12/turn              (no ring)
                                (no ring)
                                (no ring)

@: spider-form, corroded
A: tiny, almost no armour, stealthy swim, (amphibious), 8 rings, (constrict 8)
a: End Transformation


You were on level 5 of the Dungeon.
You were very hungry.
You were a venomous arachnid creature.
You visited 1 branch of the dungeon, and saw 6 of its levels.

You collected 187 gold pieces.

Inventory:

Hand Weapons
 t - a +0 hunting sling
   (You found it on level 4 of the Dungeon)
Missiles
 a - 57 arrows
 e - 61 sling bullets
Armour
 b - a cursed +0 buckler (melded)
   (You found it on level 1 of the Dungeon)
Jewellery
 l - a ring of stealth (left front leg) {Stlth+}
   (You took it off an orc on level 3 of the Dungeon)
 o - an amulet of guardian spirit (around neck) {Spirit}
   (You took it off a goblin on level 2 of the Dungeon)
 r - a ring of see invisible (right front leg) {sInv, !d}
   (You found it on level 3 of the Dungeon)
Scrolls
 d - 3 scrolls of remove curse {unknown}
 h - 2 scrolls of random uselessness {unknown}
 i - 2 scrolls of amnesia {unknown}
 j - a scroll of magic mapping {unknown}
 k - a scroll of immolation {unknown}
 n - a scroll of blinking {unknown}
 p - 2 scrolls of fog {unknown}
Potions
 g - 2 potions of berserk rage {!q}
 q - 3 potions of flight
 s - a potion of heal wounds
 u - a potion of mutation {unknown}
 w - a potion of haste {unknown}
Comestibles
 c - 7 rations
 v - 4 chunks of flesh {@w0}


   Skills:
 - Level 1.0 Fighting
 - Level 2.0 Dodging
 + Level 4.1 Stealth
 + Level 2.9 Shields
 * Level 5.0 Unarmed Combat
 - Level 2.0 Spellcasting
 + Level 3.8 Transmutations
 * Level 4.2 Poison Magic


You had 4 spell levels left.
You knew the following spells:

 Your Spells              Type           Power        Failure   Level  Hunger
a - Beastly Appendage     Tmut           ##....       13%         1    #......
b - Sticks to Snakes      Tmut           ##......     19%         2    ###....
c - Spider Form           Tmut/Pois      ##........   28%         3    ###....


Dungeon Overview and Level Annotations

Branches:
Dungeon (6/15)
 Temple: D:4-7

Altars:

Annotations:
D:6 Edmund


Innate Abilities, Weirdness & Mutations

You cannot wear most types of armour.
You are very stealthy in the water. (Stealth+)
((You are amphibious.))
You can wear up to eight rings at the same time.
((You can use your tentacles to constrict eight enemies at once.))
((Your skin changes colour to match your surroundings (Stealth+).))
((Your rubbery body absorbs attacks. (AC +1, EV +1)))


Message History

As you read the scroll of identify, it crumbles to dust.
m - a potion of degeneration Drop what? 22/52 slots (_ for help) (? for menu, Esc to quit)
You drop a potion of degeneration {!q}.
Marking area around Edmund as unsafe for travelling.
An orc priest and Edmund come into view.
Edmund is wielding a dire flail of holy wrath.
The orc priest is wielding a hand axe of electrocution.
The orc priest shouts!
You hear a shout!
Edmund moves out of view.
You see here a robe.
An orc wizard comes into view. It is wielding a dagger.
Your transformation is almost over.
Found a stone staircase leading down.
There is a stone staircase leading up here.
You climb upwards. 2 orc warriors and 2 rust devils come into view.
The orc warrior shouts!
The rust devil screeches! x2
There is a stone staircase leading down here.
Casting: Spider Form (safe; 28% risk of failure)
Confirm with . or Enter, or press ? or * to list all spells.
You create a snake!
You now have 59 arrows.
Casting: Sticks to Snakes (safe; 19% risk of failure)
Confirm with . or Enter, or press ? or * to list all spells.
You create a snake!
You now have 58 arrows.
Your ball python barely misses the orc warrior.
Your ball python grabs the orc warrior.
Your ball python constricts the orc warrior.
The orc warrior hits your ball python with a halberd!
Your ball python dies!
Casting: Sticks to Snakes (safe; 19% risk of failure)
Confirm with . or Enter, or press ? or * to list all spells.
Okay, then.
Casting: Sticks to Snakes (safe; 19% risk of failure)
Confirm with . or Enter, or press ? or * to list all spells.
You create a snake!
You now have 57 arrows.
You hit the orc warrior but do no damage.
The orc warrior is lightly wounded.
Your adder bites the orc warrior but does no damage.
Your adder bites the orc warrior.
The orc warrior misses you.
The orc warrior hits your adder with a hand axe.
You hit the orc warrior.
The orc warrior is lightly wounded.
The orc warrior completely misses you.
Your adder bites the orc warrior but does no damage.
Your adder barely misses the orc warrior.
You bite the orc warrior!
The orc warrior is poisoned.
The orc warrior is moderately wounded.
Your adder bites the orc warrior but does no damage.
The orc warrior hits you with a hand axe!
The orc warrior closely misses your adder.
Your adder closely misses the orc warrior.
The orc warrior misses you.
You hit the orc warrior but do no damage.
The orc warrior looks as sick as possible!
The orc warrior is heavily wounded.
Your adder closely misses the orc warrior.
Your adder bites the orc warrior.
The rust devil hits your adder!
Your adder dies!
The orc warrior completely misses you. The orc warrior closely misses you.
Your adder barely misses the orc warrior.
You barely miss the orc warrior.
The orc warrior is heavily wounded.
Your transformation has ended.
Your cursed +0 buckler unmelds from your body.
The rust devil barely misses you. The orc warrior barely misses you.
Your adder bites the orc warrior.
Casting: Sticks to Snakes (safe; 8% risk of failure)
Confirm with . or Enter, or press ? or * to list all spells.
You turn into a venomous arachnid creature.
Your cursed +0 buckler melds into your body.
The orc warrior hits you from afar with a halberd!
The rust devil completely misses you.
Your adder bites the orc warrior but does no damage.
The orc warrior barely misses you.
You barely miss the rust devil.
Your adder bites the orc warrior.
The rust devil misses you. The orc warrior completely misses you.
The rust devil misses you. The orc warrior completely misses you.
You hit the rust devil.
The rust devil is poisoned.
The rust devil is lightly wounded.
Your adder closely misses the orc warrior.
The rust devil hits you! The rust devil corrodes you!
The orc warrior barely misses you. The rust devil hits you.
* * * LOW HITPOINT WARNING * * *
The rust devil corrodes you!
You hit the rust devil but do no damage.
The rust devil is lightly wounded.
You are feeling very hungry.
Your adder bites the orc warrior but does no damage.
The orc warrior completely misses you. The rust devil hits you.
* * * LOW HITPOINT WARNING * * *
The rust devil corrodes you! The rust devil misses you.
Your adder bites the orc warrior but does no damage.
You hit the rust devil but do no damage.
The rust devil is lightly wounded.
The orc warrior misses you. x2
Your adder closely misses the orc warrior.
The rust devil hits you.
* * * LOW HITPOINT WARNING * * *
The rust devil corrodes you! The rust devil hits you.
You die...

# #
#)#+#)
♣.....♣
......4##
...8.oos#
....S.4##
♣.....♣
#)#+#) #
#


You could see 2 rust devils, 2 orc warriors and a friendly adder.

Vanquished Creatures
  The ghost of TheNamelessOne the Slasher, an amateur DsCK of Xom (D:3)
  A phantom (D:4)
  2 orc priests (D:3)
  A bullfrog skeleton (D:4)
  2 orc wizards (D:4)
  Natasha (thrice) (D:2)
  A hound skeleton (D:4)
  7 adders
  An adder skeleton (D:4)
  5 worms
  5 dart slugs
  6 leopard geckos
  13 orcs
  11 bats
  2 giant cockroaches
  6 goblins
  8 hobgoblins
  4 jackals (D:1)
  7 kobolds
  2 quokkas
  2 ball pythons
  4 frilled lizards
  2 leopard gecko skeletons
  8 rats
104 creatures vanquished.

Notes
Turn   | Place    | Note
-------+----------+-------------------------------------------
     0 | D:1      | sankara the Octopode Transmuter began the quest for the Orb.
     0 | D:1      | Reached XP level 1. HP: 13/13 MP: 3/3
   203 | D:1      | Reached XP level 2. HP: 18/18 MP: 5/5
   438 | D:1      | Reached skill level 1 in Shields
   503 | D:1      | Learned a level 2 spell: Sticks to Snakes
   771 | D:1      | Reached skill level 1 in Stealth
   771 | D:1      | Reached XP level 3. HP: 21/23 MP: 6/6
   877 | D:1      | Learned a level 3 spell: Spider Form
  1197 | D:2      | Noticed Natasha
  1531 | D:2      | Killed Natasha
  1531 | D:2      | Reached skill level 1 in Poison Magic
  1531 | D:2      | Reached XP level 4. HP: 19/28 MP: 3/7
  1693 | D:2      | Reached skill level 2 in Stealth
  1714 | D:2      | Noticed Natasha
  1718 | D:2      | Killed Natasha
  1824 | D:2      | Noticed Natasha
  1845 | D:2      | Killed Natasha
  1845 | D:2      | Reached skill level 2 in Shields
  1845 | D:2      | Reached XP level 5. HP: 29/33 MP: 1/8
  1955 | D:2      | Reached skill level 2 in Poison Magic
  2053 | D:2      | Reached skill level 3 in Transmutations
  2530 | D:3      | Reached skill level 4 in Unarmed Combat
  2604 | D:3      | Reached skill level 3 in Stealth
  2982 | D:3      | Reached XP level 6. HP: 38/38 MP: 5/9
  3214 | D:3      | Noticed TheNamelessOne's ghost (amateur DsCK)
  3355 | D:3      | Killed TheNamelessOne's ghost
  3355 | D:3      | Reached skill level 3 in Poison Magic
  3787 | D:4      | Reached XP level 7. HP: 40/43 MP: 6/10
  3851 | D:4      | Reached skill level 4 in Poison Magic
  4270 | D:4      | Reached skill level 4 in Stealth
  4312 | D:4      | Reached skill level 5 in Unarmed Combat
  4777 | D:4      | You fall through a shaft for 2 floors!
  4787 | D:6      | Noticed Edmund
  4792 | D:5      | Entered Level 5 of the Dungeon
  4792 | D:5      | Noticed a rust devil
  4792 | D:5      | Noticed a rust devil
  4803 | D:5      | HP: 10/43 [rust devil (6)]
  4805 | D:5      | HP: 2/43 [rust devil (3)]
  4805 | D:5      | Slain by a rust devil

Vault maps used:
D:1:      dpeg_cavernosity, minmay_misc_feat_diagonals
D:2:      first_ration, uniq_natasha
D:4:      lemuel_upstairs_altar
D:5:      cheibrodos_iron_armory, chequers_temple_overflow_statue_of_worship,
          temple_doors_e, dk_noncrumbling_2, grunt_decor_resistance,
          uniq_eustachio, uniq_crazy_yiuf_cottage
D:6:      kennysheep_slugbush, enter_ossuary_1, gup_sewer_entry_bowl,
          uniq_edmund, uniq_menkaure

Skill      XL: |  1  2  3  4  5  6  7 |
---------------+----------------------+-----
Shields        | 1 2 |  2.9
Stealth        | 1 2 3 4 |  4.1
Poison Magic   | 1 2 3 4 |  4.2
Transmutations | 3 |  3.8
Unarmed Combat | 4 5 |  5.0
Fighting       | |  1.0
Dodging        | |  2.0
Spellcasting   | |  2.0

Action                   |  1- 3 |  4- 6 |  7- 9 || total
-------------------------+-------+-------+-------++-------
Melee: Unarmed           |    82 |   164 |    62 ||   308
       Constrict         |    18 |    10 |       ||    28
       Tentacles         |    10 |     4 |       ||    14
       Punch             |     3 |     2 |       ||     5
       Kick              |       |     1 |       ||     1
 Cast: Spider Form       |     4 |    26 |     9 ||    39
       Beastly Appendage |       |     2 |       ||     2
       Sticks to Snakes  |       |       |     3 ||     3
  Use: Scroll            |       |       |     3 ||     3
 Stab: Sleeping          |     4 |     8 |     2 ||    14
  Eat: Chunk             |     2 |    11 |     5 ||    18
Armor: Skin              |    11 |     9 |     2 ||    22
Dodge: Dodged            |    68 |   100 |    52 ||   220
Block: Buckler           |    11 |     9 |       ||    20

Table legend:
 A = Spawn XP
 B = Non-spawn XP
 C = Spawn XP percentage of total XP
 D = Spawn monster count
 E = Non-spawn monster count
 F = Spawn count percentage of total count
 G = Total turns spent on level
                    A         B        C        D         E        F      G
               +---------+---------+-------+---------+---------+-------+---------
         Total |       0 |     910 |   0.0 |       0 |     104 |   0.0 |  4805
               +---------+---------+-------+---------+---------+-------+---------
           D:1 |       0 |      59 |   0.0 |       0 |      31 |   0.0 |  1509
           D:2 |       0 |     182 |   0.0 |       0 |      22 |   0.0 |  1096
           D:3 |       0 |     364 |   0.0 |       0 |      34 |   0.0 |  1146
           D:4 |       0 |     291 |   0.0 |       0 |      16 |   0.0 |  1026
           D:6 |       0 |      14 |   0.0 |       0 |       1 |   0.0 |    15
               +---------+---------+-------+---------+---------+-------+---------

Vault maps used:
D:1:      dpeg_cavernosity, minmay_misc_feat_diagonals
D:2:      first_ration, uniq_natasha
D:4:      lemuel_upstairs_altar
D:5:      cheibrodos_iron_armory, chequers_temple_overflow_statue_of_worship,
          temple_doors_e, dk_noncrumbling_2, grunt_decor_resistance,
          uniq_eustachio, uniq_crazy_yiuf_cottage
D:6:      kennysheep_slugbush, enter_ossuary_1, gup_sewer_entry_bowl,
          uniq_edmund, uniq_menkaure

Table legend:
 A = Turns spent in this place as a percentage of turns spent in the entire game.
 B = Non-inter-level travel turns spent in this place as a percentage of non-inter-level travel turns spent in the entire game.
 C = Inter-level travel turns spent in this place as a percentage of turns spent in this place.
 D = Turns resting spent in this place as a percentage of non-inter-level travel turns spent in this place.
 E = Turns spent auto-exploring this place as a percentage of non-inter-level travel turns spent in this place.
 F = Non-inter-level travel turns spent in this place divided by the number of levels of this place that you've seen.
                   A       B       C       D       E      F
               +-------+-------+-------+-------+-------+----------------------
         Total | 100.0 | 100.0 |   2.3 |  34.2 |  41.5 | 782.3
       Dungeon | 100.0 | 100.0 |   2.3 |  34.2 |  41.5 | 782.3
               +-------+-------+-------+-------+-------+----------------------

Table legend:
 A = Kills in this place as a percentage of kills in entire the game.
 B = Kills by you in this place as a percentage of kills by you in the entire game.
 C = Kills by friends in this place as a percentage of kills by friends in the entire game.
 D = Other kills in this place as a percentage of other kills in the entire game.
 E = Experience gained in this place as a percentage of experience gained in the entire game.
 F = Experience gained in this place divided by the number of levels of this place that you have seen.
                   A       B       C       D       E      F
               +-------+-------+-------+-------+-------+----------------------
         Total | 100.0 | 100.0 |   N/A |   N/A | 100.0 | 151.7
       Dungeon | 100.0 | 100.0 |   N/A |   N/A | 100.0 | 151.7
               +-------+-------+-------+-------+-------+----------------------
